TOP OF THE 1ST |
Kalamazoo Royale with Cheese batting - Pitching for Chicago Machine : RHP Shiki Kanno
|
Pitching: RHP Shiki Kanno
|
|
Batting: RHB Jorge Márquez
|
0-0: Ground out 6-3 (Groundball, 6S)
|
Batting: LHB Robinson Fernández
|
0-0: Ball 1-0: Called Strike 1-1: Ball 2-1: Ball 3-1: Called Strike 3-2: Foul Ball, location: 2F 3-2: Base on Balls
|
Batting: LHB Bill McJannett
|
0-0: Ball 1-0: Ground out 4-3 (Groundball, 4S) Robinson Fernández to second
|
Batting: LHB William Ruffo
|
0-0: Ground out 6-3 (Groundball, 6D)
|
Top of the 1st over - 0 run(s), 0 hit(s), 0 error(s), 1 left on base; Kalamazoo 0 - Chicago 0 |
BOTTOM OF THE 1ST |
Chicago Machine batting - Pitching for Kalamazoo Royale with Cheese : LHP Lorenzo Sánchez
|
Pitching: LHP Lorenzo Sánchez
|
|
Batting: RHB Lorenzo Guzmán
|
0-0: Ball 1-0: Ground out 4-3 (Groundball, 4)
|
Batting: RHB Robert Downing
|
0-0: Called Strike 0-1: Ball 1-1: Foul Ball, location: 2F 1-2: Fly out, F8 (Flyball, 8LD)
|
Batting: RHB Doug Stephens
|
0-0: Ball 1-0: Ball 2-0: Called Strike 2-1: Swinging Strike 2-2: Fly out, F3 (Popup, 3L)
|
Bottom of the 1st over - 0 run(s), 0 hit(s), 0 error(s), 0 left on base; Kalamazoo 0 - Chicago 0 |
TOP OF THE 2ND |
Kalamazoo Royale with Cheese batting - Pitching for Chicago Machine : RHP Shiki Kanno
|
Batting: RHB Run-ming Zhu
|
0-0: Swinging Strike 0-1: Foul Ball, location: 2F 0-2: Ball 1-2: SINGLE (Groundball, 56D)
|
Batting: LHB Roberto Sandoval
|
0-0: Ball 1-0: TRIPLE (Flyball, 8LXD) Run-ming Zhu scores
|
Batting: LHB Al Mills
|
0-0: Fly out, F6 (Flyball, 6MD)
|
Batting: LHB António Glaviz
|
0-0: Called Strike 0-1: Ball 1-1: Ball 2-1: DOUBLE (Line Drive, 7LM) Roberto Sandoval scores
|
Batting: SHB Bob Noble
|
0-0: Foul Ball, location: 2F 0-1: Ball 1-1: Foul Ball, location: 2F 1-2: Foul Ball, location: 2F 1-2: Ground out 4-3 (Groundball, 4) António Glaviz to third
|
Batting: RHB Jorge Márquez
|
0-0: SINGLE (Groundball, 6D) António Glaviz scores
|
Batting: LHB Robinson Fernández
|
0-0: Called Strike 0-1: Ball 1-1: Foul Ball, location: 2F 1-2: SINGLE (Groundball, 56D) Jorge Márquez to second
|
Batting: LHB Bill McJannett
|
0-0: Called Strike 0-1: Ball 1-1: Ball 2-1: Ball 3-1: Base on Balls Jorge Márquez to third Robinson Fernández to second
|
Batting: LHB William Ruffo
|
0-0: Ball 1-0: Ball 2-0: Called Strike 2-1: Ball 3-1: Base on Balls Jorge Márquez scores Robinson Fernández to third Bill McJannett to second
|
Batting: RHB Run-ming Zhu
|
0-0: Ball 1-0: Fly out, F4 (Popup, 34S)
|
Top of the 2nd over - 4 run(s), 5 hit(s), 0 error(s), 3 left on base; Kalamazoo 4 - Chicago 0 |
BOTTOM OF THE 2ND |
Chicago Machine batting - Pitching for Kalamazoo Royale with Cheese : LHP Lorenzo Sánchez
|
Batting: RHB Sam Wallace
|
0-0: Ball 1-0: Ball 2-0: Foul Ball, location: 2F 2-1: SINGLE (Groundball, 34S) (infield hit)
|
Batting: LHB Kiyonaga Morita
|
0-0: Foul Ball, location: 2F 0-1: Ball 1-1: Called Strike 1-2: Strikes out swinging
|
Batting: SHB Joaquín López
|
0-0: Called Strike 0-1: Swinging Strike 0-2: Ball 1-2: Ball 2-2: Ball 3-2: Strikes out swinging
|
Batting: SHB Jesús Ramírez
|
0-0: Ball 1-0: SINGLE (Groundball, 56D) Sam Wallace to second
|
Batting: RHB Paul Swift
|
0-0: Swinging Strike 0-1: Ball 1-1: Fielders Choice at 2nd, 5-4 (Groundball, 56)
|
Bottom of the 2nd over - 0 run(s), 2 hit(s), 0 error(s), 1 left on base; Kalamazoo 4 - Chicago 0 |
TOP OF THE 3RD |
Kalamazoo Royale with Cheese batting - Pitching for Chicago Machine : RHP Shiki Kanno
|
Batting: LHB Roberto Sandoval
|
0-0: Ball 1-0: Ball 2-0: Called Strike 2-1: SINGLE (Line Drive, 9S)
|
Batting: LHB Al Mills
|
0-0: Foul Ball, location: 2F 0-1: Ball 1-1: Fly out, F8 (Line Drive, 8LD)
|
Batting: LHB António Glaviz
|
0-0: Called Strike 0-1: Swinging Strike 0-2: Ball Roberto Sandoval steals 2nd base 1-2: Ball 2-2: DOUBLE (Flyball, 7LD) Roberto Sandoval scores
|
Batting: SHB Bob Noble
|
0-0: Foul Ball, location: 2F 0-1: Ball 1-1: Called Strike 1-2: Ball 2-2: Ball 3-2: Ground out 1-3 (Groundball, P) António Glaviz to third
|
Batting: RHB Jorge Márquez
|
0-0: Called Strike 0-1: Called Strike 0-2: Ball 1-2: SINGLE (Groundball, 6MD) António Glaviz scores
|
Pitching: RHP Raúl Ruíz
|
|
Batting: LHB Robinson Fernández
|
0-0: Ground out 1-3 (Groundball, P)
|
Top of the 3rd over - 2 run(s), 3 hit(s), 0 error(s), 1 left on base; Kalamazoo 6 - Chicago 0 |
BOTTOM OF THE 3RD |
Chicago Machine batting - Pitching for Kalamazoo Royale with Cheese : LHP Lorenzo Sánchez
|
Batting: RHB Luis Martínez
|
0-0: Ball 1-0: Ground out 6-3 (Groundball, 6D)
|
Batting: RHB Lorenzo Guzmán
|
0-0: Foul Ball, location: 2F 0-1: DOUBLE (Line Drive, 8LXD)
|
Batting: RHB Robert Downing
|
0-0: Ball 1-0: Foul Ball, location: 2F 1-1: DOUBLE (Flyball, 78M) Lorenzo Guzmán scores
|
Batting: RHB Doug Stephens
|
0-0: SINGLE (Flyball, 7S) Robert Downing to third Runner from 3rd tries for Home, SAFE, no throw
|
Batting: RHB Sam Wallace
|
0-0: Ball 1-0: Called Strike 1-1: Foul Ball, location: 2F 1-2: Ball 2-2: Fly out, F9 (Flyball, 9D)
|
Batting: LHB Kiyonaga Morita
|
0-0: Called Strike 0-1: Ball 1-1: Foul Ball, location: 2F 1-2: Ball 2-2: Ball 3-2: Foul Ball, location: 2F 3-2: Ground out 3-1 (Groundball, 34)
|
Bottom of the 3rd over - 2 run(s), 3 hit(s), 0 error(s), 1 left on base; Kalamazoo 6 - Chicago 2 |
TOP OF THE 4TH |
Kalamazoo Royale with Cheese batting - Pitching for Chicago Machine : RHP Raúl Ruíz
|
Batting: LHB Bill McJannett
|
0-0: Ball 1-0: Ground out 4-3 (Groundball, 4MS)
|
Batting: LHB William Ruffo
|
0-0: Ball 1-0: Ball 2-0: Swinging Strike 2-1: Called Strike 2-2: Ball 3-2: Ground out U3 (Groundball, 3)
|
Batting: RHB Run-ming Zhu
|
0-0: Ball 1-0: Ball 2-0: Foul Ball, location: 2F 2-1: Ground out 6-3 (Groundball, 6)
|
Top of the 4th over - 0 run(s), 0 hit(s), 0 error(s), 0 left on base; Kalamazoo 6 - Chicago 2 |
BOTTOM OF THE 4TH |
Chicago Machine batting - Pitching for Kalamazoo Royale with Cheese : LHP Lorenzo Sánchez
|
Batting: SHB Joaquín López
|
0-0: Ball 1-0: Called Strike 1-1: Swinging Strike 1-2: Fly out, F4 (Popup, 4)
|
Batting: SHB Jesús Ramírez
|
0-0: Swinging Strike 0-1: Ball 1-1: Ball 2-1: Swinging Strike 2-2: Strikes out swinging
|
Batting: RHB Paul Swift
|
0-0: Ground out 6-3 (Groundball, 4M)
|
Bottom of the 4th over - 0 run(s), 0 hit(s), 0 error(s), 0 left on base; Kalamazoo 6 - Chicago 2 |
TOP OF THE 5TH |
Kalamazoo Royale with Cheese batting - Pitching for Chicago Machine : RHP Raúl Ruíz
|
Batting: LHB Roberto Sandoval
|
0-0: Ground out 4-3 (Groundball, 4)
|
Batting: LHB Al Mills
|
0-0: Foul Ball, location: 2F 0-1: Ball 1-1: Foul Ball, location: 2F 1-2: Foul Ball, location: 2F 1-2: Foul Ball, location: 2F 1-2: Ball 2-2: Ball 3-2: Ground out 6-3 (Groundball, 56)
|
Batting: LHB António Glaviz
|
0-0: Called Strike 0-1: Ball 1-1: Ball 2-1: Called Strike 2-2: Fly out, F4 (Popup, 4MD)
|
Top of the 5th over - 0 run(s), 0 hit(s), 0 error(s), 0 left on base; Kalamazoo 6 - Chicago 2 |
BOTTOM OF THE 5TH |
Chicago Machine batting - Pitching for Kalamazoo Royale with Cheese : LHP Lorenzo Sánchez
|
Batting: RHB Luis Martínez
|
0-0: Ball 1-0: Ground out 6-3 (Groundball, 6S)
|
Batting: RHB Lorenzo Guzmán
|
0-0: SINGLE (Line Drive, 9S)
|
Batting: RHB Robert Downing
|
0-0: Ball 1-0: Fielders Choice at 2nd, 6-4 (Groundball, 6)
|
Batting: RHB Doug Stephens
|
0-0: Ball 1-0: Ball 2-0: Fielders Choice at 2nd, 4-6 (Groundball, 4)
|
Bottom of the 5th over - 0 run(s), 1 hit(s), 0 error(s), 0 left on base; Kalamazoo 6 - Chicago 2 |
TOP OF THE 6TH |
Kalamazoo Royale with Cheese batting - Pitching for Chicago Machine : RHP Raúl Ruíz
|
Batting: SHB Bob Noble
|
0-0: Ball 1-0: Fly out, F4 (Line Drive, 4)
|
Batting: RHB Jorge Márquez
|
0-0: Ball 1-0: Called Strike 1-1: Foul Ball, location: 2F 1-2: Ground out 6-3 (Groundball, 6)
|
Batting: LHB Robinson Fernández
|
0-0: Ball 1-0: Swinging Strike 1-1: Swinging Strike 1-2: Strikes out swinging
|
Top of the 6th over - 0 run(s), 0 hit(s), 0 error(s), 0 left on base; Kalamazoo 6 - Chicago 2 |
BOTTOM OF THE 6TH |
Chicago Machine batting - Pitching for Kalamazoo Royale with Cheese : LHP Lorenzo Sánchez
|
Batting: RHB Sam Wallace
|
0-0: Called Strike 0-1: Foul Ball, location: 2F 0-2: Ball 1-2: Strikes out swinging
|
Batting: LHB Kiyonaga Morita
|
0-0: Called Strike 0-1: Called Strike 0-2: Ball 1-2: Strikes out swinging
|
Batting: SHB Joaquín López
|
0-0: Fly out, F6 (Line Drive, 6)
|
Bottom of the 6th over - 0 run(s), 0 hit(s), 0 error(s), 0 left on base; Kalamazoo 6 - Chicago 2 |
TOP OF THE 7TH |
Kalamazoo Royale with Cheese batting - Pitching for Chicago Machine : RHP Raúl Ruíz
|
Pitching: RHP Howard Joyce
|
|
Batting: LHB Bill McJannett
|
0-0: Called Strike 0-1: Foul Ball, location: 2F 0-2: Ball 1-2: Ball 2-2: Ball 3-2: Base on Balls
|
Batting: LHB William Ruffo
|
0-0: Fly out, F9 (Flyball, 89M)
|
Batting: RHB Run-ming Zhu
|
0-0: Foul Ball, location: 2F 0-1: SINGLE (Line Drive, 8RS) Bill McJannett to second
|
Batting: LHB Roberto Sandoval
|
0-0: Swinging Strike 0-1: Ball 1-1: SINGLE (Line Drive, 34D) Bill McJannett to third Run-ming Zhu to second
|
Batting: LHB Al Mills
|
0-0: Ball Wild Pitch! Bill McJannett scores Run-ming Zhu to third Roberto Sandoval to second 1-0: Ball 2-0: Foul Ball, location: 2F 2-1: Ball 3-1: Base on Balls
|
Batting: LHB António Glaviz
|
0-0: Called Strike 0-1: Ball 1-1: Foul Ball, location: 2F 1-2: Foul Ball, location: 2F 1-2: Strikes out looking
|
Batting: SHB Bob Noble
|
0-0: Ball 1-0: Ground out 1-3 (Groundball, 13)
|
Top of the 7th over - 1 run(s), 2 hit(s), 0 error(s), 3 left on base; Kalamazoo 7 - Chicago 2 |
BOTTOM OF THE 7TH |
Chicago Machine batting - Pitching for Kalamazoo Royale with Cheese : LHP Lorenzo Sánchez
|
Batting: SHB Jesús Ramírez
|
0-0: Reached on error, E5 (Groundball, 5S)
|
Batting: RHB Paul Swift
|
0-0: Ball 1-0: Ball 2-0: Ball 3-0: Called Strike 3-1: Called Strike 3-2: Ground out 5-3 (Groundball, 56S) Jesús Ramírez to third
|
Batting: RHB Luis Martínez
|
0-0: Foul Ball, location: 2F 0-1: Ball 1-1: Ball 2-1: Swinging Strike 2-2: Strikes out swinging
|
Batting: RHB Lorenzo Guzmán
|
0-0: Ball 1-0: Called Strike 1-1: Foul Ball, location: 2F 1-2: Ball 2-2: Ball 3-2: Foul Ball, location: 2F 3-2: Fly out, F9 (Flyball, 9LSF)
|
Bottom of the 7th over - 0 run(s), 0 hit(s), 1 error(s), 1 left on base; Kalamazoo 7 - Chicago 2 |
TOP OF THE 8TH |
Kalamazoo Royale with Cheese batting - Pitching for Chicago Machine : RHP Howard Joyce
|
Batting: RHB Jorge Márquez
|
0-0: Called Strike 0-1: Ball 1-1: SINGLE (Line Drive, 7S)
|
Batting: LHB Robinson Fernández
|
0-0: Ball 1-0: Ball 2-0: Foul Ball, location: 2F 2-1: Called Strike 2-2: Strikes out swinging
|
Batting: LHB Bill McJannett
|
0-0: Ball 1-0: Called Strike 1-1: Called Strike 1-2: SINGLE (Flyball, 78S) Jorge Márquez to second
|
Batting: LHB William Ruffo
|
0-0: Ball 1-0: Ball 2-0: Called Strike 2-1: Swinging Strike 2-2: Strikes out looking
|
Batting: RHB Run-ming Zhu
|
0-0: Ball 1-0: Ball 2-0: Ball 3-0: Base on Balls Jorge Márquez to third Bill McJannett to second
|
Batting: LHB Roberto Sandoval
|
0-0: Ball 1-0: Called Strike 1-1: Called Strike 1-2: Ball 2-2: Ball 3-2: Fly out, F8 (Flyball, 78D)
|
Top of the 8th over - 0 run(s), 2 hit(s), 0 error(s), 3 left on base; Kalamazoo 7 - Chicago 2 |
BOTTOM OF THE 8TH |
Chicago Machine batting - Pitching for Kalamazoo Royale with Cheese : LHP Lorenzo Sánchez
|
Pitching: RHP Eric Richards
|
|
Batting: RHB Robert Downing
|
0-0: Ball 1-0: Foul Ball, location: 2F 1-1: Fly out, F8 (Line Drive, 8RM)
|
Batting: RHB Doug Stephens
|
0-0: Called Strike 0-1: Fly out, F3 (Line Drive, 3L)
|
Batting: RHB Sam Wallace
|
0-0: Ball 1-0: Ball 2-0: Called Strike 2-1: Fly out, F4 (Line Drive, 4)
|
Bottom of the 8th over - 0 run(s), 0 hit(s), 0 error(s), 0 left on base; Kalamazoo 7 - Chicago 2 |
TOP OF THE 9TH |
Kalamazoo Royale with Cheese batting - Pitching for Chicago Machine : RHP Howard Joyce
|
Pitching: RHP Víctor Reyes
|
|
Batting: LHB Al Mills
|
0-0: Ball 1-0: Foul Ball, location: 2F 1-1: Fly out, F7 (Flyball, 7S)
|
Batting: LHB António Glaviz
|
0-0: Called Strike 0-1: Foul Ball, location: 2F 0-2: Ball 1-2: Foul Ball, location: 2F 1-2: Ball 2-2: Ball 3-2: Strikes out looking
|
Batting: SHB Bob Noble
|
0-0: SINGLE (Groundball, 4MD)
|
Batting: RHB Jorge Márquez
|
0-0: Swinging Strike 0-1: Swinging Strike 0-2: Ground out 1-3 (Groundball, 13)
|
Top of the 9th over - 0 run(s), 1 hit(s), 0 error(s), 1 left on base; Kalamazoo 7 - Chicago 2 |
BOTTOM OF THE 9TH |
Chicago Machine batting - Pitching for Kalamazoo Royale with Cheese : RHP Eric Richards
|
Batting: LHB Kiyonaga Morita
|
0-0: Ball 1-0: Ball 2-0: Called Strike 2-1: Ground out U3 (Groundball, 34S)
|
Batting: SHB Joaquín López
|
0-0: Swinging Strike 0-1: Called Strike 0-2: Fly out, F7 (Flyball, 7LM)
|
Batting: SHB Jesús Ramírez
|
0-0: Ball 1-0: Ball 2-0: Ball 3-0: Called Strike 3-1: Foul Ball, location: 2F 3-2: Strikes out swinging
|
Bottom of the 9th over - 0 run(s), 0 hit(s), 0 error(s), 0 left on base; Kalamazoo 7 - Chicago 2 |
|